[Event "Team 45 45 League T54"]
[Site "Internet Chess Club"]
[Date "2012.08.26"]
[Round "2"]
[White "rahulr"]
[Black "oldsj"]
[Result "1-0"]
[WhiteElo "1579"]
[BlackElo "1651"]
[Opening "King's Indian: Andersson variation"]
[ECO "E92"]
[Time "09:05:00"]
[TimeControl "2700+45"]

1. d4 Nf6 2. c4 g6 3. Nc3 Bg7 4. e4 d6 5. Nf3 O-O 6. Be2 e5 7. dxe5 dxe5 8. O-O
Nbd7 9. Bg5 c6 10. Qc2 Re8 11. Rad1 Qc7 12. Rd2 h6 13. Bh4 Nc5 14. Rfd1 Nh5 15.
Bg3 Nxg3 16. hxg3 Bg4 17. b4 Ne6 18. Rd7 Qb6 19. Nxe5 Bxe2 20. Qxe2 Bxe5 21. Qf3
Ng5 22. Qd3 Bxc3 23. Qxc3 Nxe4 24. Qf3 Ng5 25. Qf6 Re6 26. Rd8+ Rxd8 27. Rxd8+
Qxd8 28. Qxd8+ Kh7 29. Qd4 a6 30. Qd7 Re1+ 31. Kh2 Re2 32. f4 Nf3+ 33. Kh3 Ng1+
34. Kg4 Kg7 35. Qd4+ Kh7 36. Qxg1 h5+ 37. Kg5 f6+ 38. Kxf6 Rxa2 39. Qc5 Re2 40.
Qf8 {Black resigns} 1-0

[Event "Team 45 45 League T54"]
[Site "Internet Chess Club"]
[Date "2012.08.24"]
[Round "2"]
[White "Tjet"]
[Black "Ocius"]
[Result "1-0"]
[WhiteElo "1411"]
[BlackElo "1294"]
[Opening "English opening"]
[ECO "A20"]
[Time "20:00:54"]
[TimeControl "2700+45"]

1. c4 e5 2. g3 g6 3. Bg2 Bg7 4. e4 Nf6 5. d3 c5 6. Ne2 Nc6 7. O-O d6 8. Nbc3 O-O
9. Nd5 Ng4 10. h3 Nh6 11. Kh2 f5 12. Rb1 f4 13. gxf4 Qh4 14. f3 exf4 15. Bxf4
Ne5 16. Bg3 Qg5 17. f4 Qh5 18. fxe5 Ng4+ 19. Kg1 Nxe5 20. Rxf8+ Bxf8 21. Nf6+
{Black resigns} 1-0

[Event "Team 45 45 League T54"]
[Site "Internet Chess Club"]
[Date "2012.08.26"]
[Round "2"]
[White "Conjurer"]
[Black "stanbeers"]
[Result "1-0"]
[WhiteElo "1536"]
[BlackElo "1411"]
[Opening "King's Indian: fianchetto, Simagin variation"]
[ECO "E62"]
[Time "19:59:53"]
[TimeControl "2700+45"]

1. c4 d6 2. Nc3 Nc6 3. g3 Nf6 4. Bg2 g6 5. Nf3 Bg7 6. O-O O-O 7. d4 Bg4 8. h3
Bd7 9. Bf4 Nh5 10. Be3 e5 11. Nd5 Rb8 12. Qd2 Re8 13. Rac1 Be6 14. Rfd1 Bxd5 15.
cxd5 Ne7 16. dxe5 Nf5 17. Bg5 Ne7 18. g4 f6 19. Be3 fxe5 20. gxh5 gxh5 21. Ng5
Nf5 22. Ne6 Qe7 23. Rxc7 Qf6 24. Bg5 Qg6 25. Be4 Rxe6 26. dxe6 Bf6 27. h4 Rf8
28. Kh2 Bg7 29. Rg1 Kh8 30. Qxd6 Re8 31. Qd7 Rf8 32. Bxf5 Rxf5 33. Be3 Rg5 34.
Rxg5 Qe4 35. Qxg7# {Black checkmated} 1-0

[Event "Team 45 45 League T54"]
[Site "Internet Chess Club"]
[Date "2012.08.26"]
[Round "2"]
[White "Fogbound"]
[Black "sockmonkey"]
[Result "1-0"]
[WhiteElo "1257"]
[BlackElo "1356"]
[Opening "Queen's pawn, Mason variation"]
[ECO "D00"]
[Time "14:01:42"]
[TimeControl "2700+45"]

1. d4 d5 2. Bf4 Nf6 3. h3 c5 4. e3 Nc6 5. Nf3 e6 6. c3 Qb6 7. Qc2 cxd4 8. exd4
Ne4 9. Nbd2 Bd6 10. Bh2 Bxh2 11. Rxh2 f5 12. Be2 O-O 13. h4 h6 14. Rb1 e5 15.
Nxe4 fxe4 16. Nxe5 Nxe5 17. g3 Nc6 18. Qd2 Bf5 19. Qe3 a5 20. g4 Bd7 21. h5 Ne7
22. g5 Nf5 23. Qf4 Qd6 24. Qxd6 Nxd6 25. gxh6 gxh6 26. Rg2+ Kh7 27. Kd2 Rg8 28.
Rbg1 Rxg2 29. Rxg2 Rg8 30. Rh2 Bg4 31. Bf1 Rg5 32. Be2 Bxe2 33. Kxe2 a4 34. Rh1
Nc4 35. Rb1 Rxh5 36. b3 axb3 37. Rxb3 Na5 38. Rb5 Nc4 39. Rxb7+ Kg6 40. a4 Rh3
41. Rb5 Rxc3 42. a5 Rc2+ 43. Kf1 Rb2 44. Rxd5 e3 45. f4 Rf2+ 46. Ke1 Rxf4 47. a6
Rf6 48. a7 Nb6 49. Rb5 h5 50. Rxb6 Rxb6 51. a8=Q Rb1+ 52. Ke2 Rb2+ 53. Kxe3 Rb3+
54. Ke4 Rg3 55. Qe8+ Kg5 56. Qe5+ Kh4 57. Qf6+ Rg5 58. d5 {Black resigns} 1-0

[Event "Team 45 45 League T54"]
[Site "Internet Chess Club"]
[Date "2012.08.26"]
[Round "2"]
[White "drsigmund1"]
[Black "chesskix"]
[Result "1-0"]
[WhiteElo "1531"]
[BlackElo "1475"]
[Opening "Dutch"]
[ECO "A80"]
[Time "15:02:41"]
[TimeControl "2700+45"]

1. d4 f5 2. Nf3 Nf6 3. Bf4 e6 4. e3 Be7 5. h3 O-O 6. Bd3 b6 7. Nbd2 Bb7 8. Qe2
Nc6 9. g4 Nd5 10. Bg3 Ndb4 11. gxf5 Nxd3+ 12. Qxd3 Nb4 13. Qc3 Nd5 14. Qd3 exf5
15. O-O-O Kh8 16. Rhg1 Nb4 17. Qb3 Bd5 18. c4 Bf7 19. Ne5 Bh5 20. Rdf1 a5 21. a3
a4 22. Nc6 dxc6 23. Be5 Bf6 24. Bxf6 Qxf6 25. Qxb4 Be2 26. Re1 Bd3 27. Qc3 Be4
28. f3 c5 29. fxe4 cxd4 30. exd4 fxe4 31. Ref1 Qh6 32. Rxf8+ Rxf8 33. Kb1 e3 34.
Ne4 e2 35. Qe1 Qe3 36. Nc3 Qd3+ 37. Ka2 Rf1 38. Qxe2 Qxe2 39. Nxe2 Rxg1 40. Nxg1
g5 41. b3 axb3+ 42. Kxb3 h5 43. Kc3 Kg7 44. Kd3 Kf6 45. Ke4 h4 46. Kf3 Kf5 47.
a4 c6 48. Ke3 Ke6 49. c5 bxc5 50. dxc5 Kd5 51. Nf3 Kxc5 52. Nxg5 Kb4 53. Nf3
Kxa4 54. Nxh4 c5 55. Nf5 Kb4 56. h4 c4 57. Nd4 c3 58. h5 Ka3 59. h6 Kb2 60. h7
{Black resigns} 1-0

[Event "Team 45 45 League T54"]
[Site "Internet Chess Club"]
[Date "2012.08.27"]
[Round "2"]
[White "palm47"]
[Black "nosir"]
[Result "1/2-1/2"]
[WhiteElo "1481"]
[BlackElo "1497"]
[Opening "Polish (Sokolsky) opening"]
[ECO "A00"]
[Time "20:31:00"]
[TimeControl "2700+45"]

1. b4 Nf6 2. Nf3 g6 3. Bb2 Bg7 4. g3 O-O 5. Bg2 d5 6. O-O Nbd7 7. Na3 c6 8. c4
dxc4 9. Nxc4 Nb6 10. Qc2 Be6 11. d3 Nxc4 12. dxc4 Bf5 13. Qb3 Qc8 14. Rad1 Bh3
{Game drawn by mutual agreement} 1/2-1/2

[Event "Team 45 45 League T54"]
[Site "Internet Chess Club"]
[Date "2012.08.28"]
[Round "2"]
[White "bowwrestler"]
[Black "lawth3"]
[Result "1-0"]
[WhiteElo "1231"]
[BlackElo "1239"]
[Opening "Caro-Kann: anti-Caro-Kann defense"]
[ECO "B10"]
[Time "09:00:13"]
[TimeControl "2700+45"]

1. e4 c6 2. c4 e5 3. Nf3 Qc7 4. Nc3 Nf6 5. a3 Be7 6. b4 O-O 7. d4 d6 8. Bg5 exd4
9. Nxd4 c5 10. Ndb5 Qc6 11. Bxf6 gxf6 12. Nd5 Bd8 13. Be2 a6 14. Nbc3 b5 15.
cxb5 Qb7 16. bxa6 Nxa6 17. Rb1 Nc7 18. Bg4 Rxa3 19. Nxc7 Bxc7 20. Bxc8 Rxc8 21.
Qg4+ Kf8 22. Nd5 Bd8 23. b5 Rca8 24. O-O R8a5 25. b6 Qa6 26. b7 Qxf1+ 27. Kxf1
Ra2 {Black resigns} 1-0

[Event "Team 45 45 League T54"]
[Site "Internet Chess Club"]
[Date "2012.08.27"]
[Round "2"]
[White "kllrchris"]
[Black "siddhu"]
[Result "0-1"]
[WhiteElo "1698"]
[BlackElo "1872"]
[Opening "Two knights defense (Modern bishop's opening)"]
[ECO "C24"]
[Time "16:00:15"]
[TimeControl "2700+45"]

1. e4 e5 2. Bc4 Nf6 3. d3 Nc6 4. Nf3 h6 5. O-O Be7 6. h3 d6 7. c3 O-O 8. Bb3 Na5
9. Bc2 c5 10. a3 b5 11. b4 Nc6 12. Nbd2 Nh7 13. Nh2 f5 14. exf5 Bxf5 15. Qf3 Qd7
16. Bb3+ Kh8 17. Bd5 Ng5 18. Qg3 Rac8 19. h4 Ne6 20. Be4 Nf4 21. Re1 d5 22. Bxf5
Qxf5 23. Re3 d4 24. Re4 dxc3 25. Ndf1 Qxe4 26. Qxg7+ Kxg7 27. dxe4 Ne2+ 28. Kh1
Nxc1 29. Rxc1 cxb4 30. axb4 Nxb4 31. Ng4 Nd3 32. Rc2 Nxf2+ 33. Nxf2 Rxf2 {White
resigns} 0-1

[Event "Team 45 45 League T54"]
[Site "Internet Chess Club"]
[Date "2012.08.24"]
[Round "2"]
[White "vollmerj"]
[Black "parrot9"]
[Result "1-0"]
[WhiteElo "1779"]
[BlackElo "1603"]
[Opening "Sicilian defense"]
[ECO "B20"]
[Time "18:00:14"]
[TimeControl "2700+45"]

1. e4 c5 2. b3 Nf6 3. Nc3 e6 4. Nf3 d6 5. Be2 Nc6 6. O-O Be7 7. d4 cxd4 8. Nxd4
O-O 9. Bb2 Nxd4 10. Qxd4 a6 11. Rad1 Qc7 12. Qc4 Qxc4 13. Bxc4 b5 14. Bd3 Bb7
15. f3 Rac8 16. Ne2 Rfd8 17. Nf4 Nd7 18. Kh1 Bf6 19. Bxf6 Nxf6 20. Ne2 Nd7 21.
Rd2 Ne5 22. Rfd1 Rd7 23. Kg1 Rcd8 24. f4 Nxd3 25. cxd3 e5 26. fxe5 dxe5 27. Ng3
b4 28. Kf2 g6 29. Ke3 a5 30. d4 exd4+ 31. Rxd4 Rxd4 32. Rxd4 Re8 33. Rd7 Bc6 34.
Rc7 Re6 35. Kd4 h5 36. h4 Bb5 37. Nh1 Rc6 38. Rxc6 Bxc6 39. Nf2 Bb5 40. g3 Kf8
41. Kc5 Be2 42. Kb6 a4 43. bxa4 Bc4 44. Kc5 Bxa2 45. Kxb4 Be6 46. a5 Bc8 47. Kc5
Ke7 48. Nd3 Ba6 49. Nb4 Bc8 50. a6 Bxa6 51. Nxa6 Ke6 52. Kd4 f5 53. Nc5+ Kf6 54.
Nd7+ Ke6 55. exf5+ Kxf5 56. Ke3 g5 57. Kf3 gxh4 58. gxh4 Kg6 59. Kf4 Kh6 60. Kf5
Kg7 61. Kg5 Kh7 62. Kxh5 Kg7 63. Kg5 Kh7 64. h5 Kg7 65. Ne5 Kh7 66. h6 Kh8 67.
Kg6 Kg8 68. h7+ Kh8 69. Nf7# {Black checkmated} 1-0

[Event "Team 45 45 League T54"]
[Site "Internet Chess Club"]
[Date "2012.08.23"]
[Round "2"]
[White "caglar"]
[Black "medsurg"]
[Result "1-0"]
[WhiteElo "1433"]
[BlackElo "1374"]
[Opening "Sicilian: Alapin's variation (2.c3)"]
[ECO "B22"]
[Time "17:00:15"]
[TimeControl "2700+45"]

1. e4 c5 2. c3 Nf6 3. e5 Nd5 4. Bc4 e6 5. d4 Nc6 6. Nf3 d6 7. O-O Qc7 8. Re1
cxd4 9. Bxd5 Nxe5 10. cxd4 Nxf3+ 11. Qxf3 Be7 12. Bb3 Bd7 13. Bf4 O-O 14. Qg3
Qb6 15. Nc3 Kh8 16. Nd5 {Black resigns} 1-0

[Event "Team 45 45 League T54"]
[Site "Internet Chess Club"]
[Date "2012.08.25"]
[Round "2"]
[White "jantonio"]
[Black "rayonline53"]
[Result "0-1"]
[WhiteElo "1570"]
[BlackElo "1501"]
[Opening "Réti opening"]
[ECO "A05"]
[Time "14:30:46"]
[TimeControl "2700+45"]

1. Nf3 Nf6 2. g3 d5 3. Bg2 c6 4. O-O g6 5. b3 Bg7 6. Bb2 O-O 7. d3 Nbd7 8. Nbd2
Re8 9. Re1 e5 10. e4 dxe4 11. Nxe4 Nxe4 12. dxe4 Qc7 13. Ba3 Bf8 14. Qc1 Bxa3
15. Qxa3 Nf6 16. Rad1 Bg4 17. Qd6 Qe7 18. Qxe7 Rxe7 19. Rd6 Kg7 20. Nd2 Rd7 21.
Rxd7 Nxd7 22. f3 Be6 23. Bf1 Nb6 24. Kf2 f6 25. Re3 Rd8 26. Ke1 Kf7 27. Rc3 Ke7
28. a4 Rd4 29. a5 Nd7 30. Ke2 g5 31. Ke3 Nf8 32. f4 g4 33. f5 Bf7 34. h3 h5 35.
hxg4 hxg4 36. Be2 Bh5 37. Nf1 Nh7 38. Nh2 Ng5 39. Rc4 Rxc4 40. Bxc4 Nf3 41. Nxf3
gxf3 42. Kf2 Bg4 43. Bf1 Kd6 44. b4 c5 45. c3 cxb4 46. cxb4 Kc6 47. Ke3 b6 48.
b5+ Kc5 49. axb6 axb6 50. Bd3 Kb4 51. Kd2 Kb3 52. Bc2+ Kc4 53. Ke3 Kxb5 54. Bd1
Kc4 55. Bxf3 Bh3 56. Be2+ Kc5 57. Kd2 Kd4 58. Bf3 b5 59. Kc2 Ke3 60. Bh1 Bg4 61.
Kc3 Kf2 62. Kb4 Kxg3 63. Kxb5 Bf3 64. Bxf3 Kxf3 65. Kc4 Kxe4 66. Kc3 Ke3 67. Kc2
e4 68. Kd1 Kf2 69. Kd2 e3+ 70. Kd1 e2+ 71. Kd2 e1=Q+ {White resigns} 0-1

[Event "Team 45 45 League T54"]
[Site "Internet Chess Club"]
[Date "2012.08.22"]
[Round "2"]
[White "nursey"]
[Black "gandre"]
[Result "1-0"]
[WhiteElo "1619"]
[BlackElo "1678"]
[Opening "Caro-Kann: Steinitz variation"]
[ECO "B17"]
[Time "16:08:49"]
[TimeControl "2700+45"]

1. e4 c6 2. d4 d5 3. Nc3 dxe4 4. Nxe4 Nd7 5. Nf3 Ngf6 6. Ng3 e6 7. c4 Be7 8. Bd3
c5 9. b3 cxd4 10. Nxd4 Nc5 11. Bc2 O-O 12. O-O a5 13. Bb2 Qd7 14. Re1 b6 15.
Ndf5 Qc7 16. Nxg7 Rd8 17. Qe2 Bb7 18. N7f5 Rd7 19. Nxe7+ {Black resigns} 1-0

[Event "Team 45 45 League T54"]
[Site "Internet Chess Club"]
[Date "2012.08.23"]
[Round "2"]
[White "oldprez"]
[Black "Megasus"]
[Result "0-1"]
[WhiteElo "1399"]
[BlackElo "1412"]
[Opening "Sicilian defense"]
[ECO "B32"]
[Time "11:01:46"]
[TimeControl "2700+45"]

1. e4 c5 2. Nf3 Nc6 3. d4 cxd4 4. Nxd4 a6 5. c4 e6 6. Be2 h6 7. Nc3 Qc7 8. O-O
Ne5 9. Bf4 Nf6 10. Nf3 Nxf3+ 11. Bxf3 Qxf4 12. Re1 Bc5 13. e5 Ng4 14. g3 Nxf2
15. gxf4 Nxd1+ 16. Kg2 Nxc3 17. bxc3 Rb8 18. Rab1 b6 19. a4 Bb7 20. a5 Bxf3+ 21.
Kxf3 Ke7 22. Ke4 g6 23. Re2 Rhc8 24. Reb2 Rc6 25. h3 f6 26. exf6+ Kxf6 27. h4 h5
28. Rb3 b5 29. cxb5 Rxb5 30. Rxb5 axb5 31. Rxb5 d5+ 32. Kf3 Ba7 33. Rb3 Rc4 34.
Ra3 Bc5 35. Rb3 Ra4 36. Rb5 Bd6 37. Rb6 Bc7 38. Rc6 Rxf4+ 39. Ke3 Re4+ 40. Kf3
Bxa5 41. c4 Rxc4 42. Rxc4 dxc4 {White resigns} 0-1

[Event "Team 45 45 League T54"]
[Site "Internet Chess Club"]
[Date "2012.08.27"]
[Round "2"]
[White "NFork"]
[Black "fledermaus"]
[Result "0-1"]
[WhiteElo "2168"]
[BlackElo "1997"]
[Opening "Réti: King's Indian attack, Yugoslav variation"]
[ECO "A05"]
[Time "14:00:56"]
[TimeControl "2700+45"]

1. Nf3 Nf6 2. g3 d5 3. Bg2 c6 4. O-O Bg4 5. d4 Nbd7 6. Nbd2 e6 7. Re1 Bd6 8. e4
dxe4 9. Nxe4 Nxe4 10. Rxe4 Nf6 11. Re1 Qa5 12. h3 Bxf3 13. Bxf3 O-O 14. c4 Rac8
15. a3 Rfd8 16. Bd2 Qc7 17. Qe2 c5 18. dxc5 Bxc5 19. Bf4 Bd6 20. Bg5 Qxc4 21.
Bxb7 Qxe2 22. Rxe2 Rc7 23. Bg2 h6 24. Be3 Be7 25. Bf4 Rcd7 26. Bc6 Rd1+ 27. Rxd1
Rxd1+ 28. Kg2 Nd5 29. Bd2 Bf6 30. Bxd5 exd5 31. Be3 a6 32. Bc5 Kh7 33. Be7 Kg6
34. Bxf6 Kxf6 35. Kf3 a5 36. Rc2 a4 37. Ke2 Rh1 38. h4 Ke5 39. Kd3 Rd1+ 40. Ke2
Rb1 41. Rd2 d4 42. Kd3 Kd5 43. Kc2 Rf1 44. b3 axb3+ 45. Kxb3 Ke4 46. a4 d3 47.
a5 Ra1 48. Kb4 Kd4 49. Rb2 g5 50. hxg5 hxg5 51. f3 f5 52. f4 g4 53. Rh2 Rb1+ 54.
Ka3 Kc3 55. Ka2 Rb5 56. Rh8 Rxa5+ 57. Kb1 Kd2 58. Rb8 Rc5 59. Re8 Rb5+ 60. Ka2
Kd1 61. Re5 Rxe5 62. fxe5 Kc2 63. e6 d2 64. e7 d1=Q 65. e8=Q Qb1+ {White
resigns} 0-1

[Event "Team 45 45 League T54"]
[Site "Internet Chess Club"]
[Date "2012.08.26"]
[Round "2"]
[White "SaltofLife"]
[Black "Logos1"]
[Result "1-0"]
[WhiteElo "1971"]
[BlackElo "1953"]
[Opening "Queen's pawn game, Darooha variation "]
[ECO "D02"]
[Time "15:27:25"]
[TimeControl "2700+45"]

1. d4 d5 2. Nf3 Nf6 3. c4 e6 4. cxd5 exd5 5. Nc3 c6 6. Qc2 Bb4 7. Bg5 Nbd7 8. e3
O-O 9. Bd3 Qa5 10. O-O Re8 11. a3 Bxc3 12. bxc3 Ne4 13. Bh4 Ndf6 14. Nd2 b6 15.
Bxf6 Nxf6 16. a4 b5 17. axb5 Qc7 18. bxc6 Qxc6 19. c4 Be6 20. c5 Bd7 21. Rfb1
Qc7 22. Nf3 Bg4 23. Ne5 Bh5 24. h3 Rxe5 25. dxe5 Qxe5 26. Ra6 d4 27. exd4 Qxd4
28. c6 Nd5 29. Ra4 Qe5 30. Bxh7+ Kh8 31. Be4 Nc7 32. Rab4 Na6 33. Rb5 Qd6 34.
Rxh5+ Kg8 35. c7 Rc8 36. Rd1 Qxc7 37. Qxc7 Nxc7 38. Bh7+ Kf8 39. Bf5 Rb8 40.
Rh8+ {Black resigns} 1-0

[Event "Team 45 45 League T54"]
[Site "Internet Chess Club"]
[Date "2012.08.25"]
[Round "2"]
[White "kasperloff"]
[Black "fishhead"]
[Result "1-0"]
[WhiteElo "1802"]
[BlackElo "1668"]
[Opening "Nimzo-Indian: Sämisch variation"]
[ECO "E29"]
[Time "14:00:49"]
[TimeControl "2700+45"]

1. d4 Nf6 2. c4 e6 3. Nc3 Bb4 4. a3 Bxc3+ 5. bxc3 c5 6. e3 O-O 7. Bd3 d6 8. Ne2
e5 9. O-O Nc6 10. d5 Ne7 11. e4 h6 12. f4 exf4 13. Nxf4 Ng4 14. h3 Ne5 15. Qe2
b6 16. Bd2 N7g6 17. Nxg6 Nxg6 18. Rf2 Qe7 19. Raf1 Bd7 20. Rf3 Rae8 21. Rg3 Ba4
22. Qh5 Kh7 23. e5 Qxe5 24. Rxg6 Qxh5 25. Rxh6+ Kg8 26. Rxh5 f6 27. Rhf5 Re5 28.
Rxe5 fxe5 29. Rxf8+ Kxf8 30. Kf2 Kf7 31. Kg3 Bb3 32. Kh4 e4 33. Bxe4 Bxc4 34.
Bf4 Ke7 35. g4 b5 36. Kg5 a5 37. h4 b4 38. cxb4 cxb4 39. axb4 axb4 40. h5 b3 41.
Bc1 Kf8 42. Kg6 Kg8 43. g5 Kf8 44. Bb2 Kg8 45. h6 {Black resigns} 1-0

[Event "Team 45 45 League T54"]
[Site "Internet Chess Club"]
[Date "2012.08.22"]
[Round "2"]
[White "barbak"]
[Black "NAN"]
[Result "1/2-1/2"]
[WhiteElo "1953"]
[BlackElo "1955"]
[Opening "French: Tarrasch, closed variation"]
[ECO "C05"]
[Time "16:30:08"]
[TimeControl "2700+45"]

1. e4 e6 2. d4 d5 3. Nd2 Nf6 4. e5 Nfd7 5. Bd3 c5 6. c3 Nc6 7. Ngf3 g6 8. h4 Qc7
9. h5 Bg7 10. Rh4 cxd4 11. cxd4 Nb4 12. Bb1 Nb6 13. a3 Nc6 14. Bd3 Bd7 15. Ng5
Nxe5 16. dxe5 Qxe5+ 17. Nge4 dxe4 18. Nxe4 Nd5 19. Kf1 O-O 20. Rb1 f5 21. Ng5
Nf6 22. hxg6 hxg6 23. Bf4 Qd5 24. Qe2 Rac8 25. Rd1 Rfd8 26. Kg1 Bb5 27. Kh2 Bxd3
28. Rxd3 Qc6 29. Rxd8+ Rxd8 30. Qxe6+ Qxe6 31. Nxe6 Rd5 32. f3 Nh5 33. Nxg7 Nxf4
34. Rxf4 Kxg7 35. Rb4 b5 {Game drawn by mutual agreement} 1/2-1/2

[Event "Team 45 45 League T54"]
[Site "Internet Chess Club"]
[Date "2012.08.24"]
[Round "2"]
[White "RedAttack"]
[Black "cheVelle"]
[Result "1-0"]
[WhiteElo "1868"]
[BlackElo "1895"]
[Opening "Four knights game"]
[ECO "C47"]
[Time "16:00:06"]
[TimeControl "2700+45"]

1. e4 e5 2. Nf3 Nc6 3. Nc3 Nf6 4. d3 Bc5 5. Bg5 h6 6. Bh4 g5 7. Bg3 d6 8. Be2 a6
9. h3 Be6 10. a3 Ne7 11. Qd2 Ng6 12. O-O-O c6 13. d4 exd4 14. Nxd4 Qa5 15. Nxe6
fxe6 16. f3 O-O-O 17. Kb1 Qc7 18. Na4 Nh5 19. Nxc5 Nxg3 20. Nxe6 Qd7 21. Nxd8
Nxh1 22. Rxh1 Rxd8 23. Rd1 Qe6 24. Qa5 Nf4 25. Bxa6 Nxg2 26. Bxb7+ Kd7 27. Bxc6+
Ke7 28. Bd5 Qxh3 29. Qa7+ Rd7 30. Qd4 Qxf3 31. Rd3 Qf6 32. Qxf6+ Kxf6 33. e5+
Kxe5 34. Bxg2 g4 35. Kc1 Kf4 36. Kd2 h5 37. c4 h4 38. b4 Rh7 39. Ke2 h3 40. Bh1
Re7+ 41. Kf2 Rc7 42. Rd4+ Kg5 43. Kg3 Kf5 44. Rxg4 Ra7 45. Rf4+ Ke5 46. Rf3 Kd4
47. Kxh3 Kxc4 48. Kg3 d5 49. Kf2 d4 50. Ke2 Rh7 51. Bg2 Rh2 52. Rf2 Kc3 53. Be4
Rh8 54. b5 d3+ 55. Kd1 Rh4 56. Bf3 Ra4 57. Ra2 Rf4 58. Bg2 Rg4 59. b6 Rg6 60. b7
Rb6 61. Kc1 Re6 62. Bf3 Re1+ 63. Bd1 Re8 64. a4 Rb8 65. Ra3+ Kd4 66. Rb3 Kc5 67.
a5 {Black resigns} 1-0

[Event "Team 45 45 League T54"]
[Site "Internet Chess Club"]
[Date "2012.08.27"]
[Round "2"]
[White "tsia68"]
[Black "frank001"]
[Result "0-1"]
[WhiteElo "1776"]
[BlackElo "1756"]
[Opening "Réti: King's Indian attack"]
[ECO "A05"]
[Time "00:08:51"]
[TimeControl "2700+45"]

1. Nf3 Nf6 2. g3 g6 3. Bg2 Bg7 4. O-O O-O 5. c4 d6 6. Nc3 a6 7. d3 Nc6 8. Rb1 e5
9. b4 h6 10. a4 Rb8 11. b5 axb5 12. axb5 Ne7 13. Qc2 Kh7 14. Bb2 Nd7 15. Nd2 f5
16. Nd5 Nf6 17. Ra1 Nexd5 18. cxd5 Bd7 19. Rfc1 Ne8 20. Qc4 f4 21. Ne4 fxg3 22.
hxg3 Qe7 23. Ra7 Bf5 24. Qb4 Qf7 25. Rf1 b6 26. Qc4 Bxe4 27. dxe4 g5 28. Bh3 Qe7
29. Bf5+ Kh8 30. Bg6 Rc8 31. Bf5 Rb8 32. Bg6 Rc8 33. Bxe8 Rfxe8 34. Rc1 Qd7 35.
Rxc7 Rxc7 36. Qxc7 Qxb5 37. Qc6 Qxc6 38. dxc6 Kg8 39. c7 Rc8 40. Ba3 Bf8 41. Rc6
b5 42. Bxd6 Bxd6 43. Rxd6 Rxc7 44. Rxh6 Rb7 45. Rc6 b4 46. Rc2 Kf7 47. f3 Ke6
48. Kf2 Kd6 49. Ke3 b3 50. Rb2 Kc5 51. Kd3 Kb4 52. e3 Rd7+ 53. Ke2 Kc3 54. Rb1
b2 55. f4 g4 56. fxe5 Kc2 57. Rxb2+ Kxb2 58. e6 Re7 59. Kd3 Rxe6 60. Kd4 Kc2 61.
e5 Kd2 62. e4 Re8 63. e6 Rxe6 64. Kd5 Re8 65. e5 Ke3 {White resigns} 0-1

[Event "Team 45 45 League T54"]
[Site "Internet Chess Club"]
[Date "2012.08.24"]
[Round "2"]
[White "AVEMARIA"]
[Black "SugarIslander"]
[Result "0-1"]
[WhiteElo "1682"]
[BlackElo "1631"]
[Opening "Caro-Kann: advance variation"]
[ECO "B12"]
[Time "17:00:52"]
[TimeControl "2700+45"]

1. e4 c6 2. d4 d5 3. e5 Bf5 4. Nf3 e6 5. Be2 c5 6. Be3 Qb6 7. Nc3 Nc6 8. O-O c4
9. Nh4 Nge7 10. g4 Bg6 11. Na4 Qc7 12. f4 Qc8 13. b3 Nb4 14. Nxg6 hxg6 15. c3
Na6 16. bxc4 dxc4 17. Bf3 Nd5 18. Bxd5 exd5 19. Qf3 Qd7 20. Nb2 Ba3 21. Rfb1
O-O-O 22. Bc1 Rh4 23. f5 Rdh8 24. Bf4 gxf5 25. Bg3 Rxg4 26. Nd1 Rg5 27. Qf4 Rgh5
28. Ne3 Nc7 29. Qf3 b5 30. Nc2 Be7 31. Nb4 Bxb4 32. Rxb4 g5 33. Qg2 f4 34. Bf2
Qh3 35. a4 Qxg2+ 36. Kxg2 Rxh2+ 37. Kf3 g4+ 38. Kxf4 Rxf2+ 39. Kxg4 Rg8+ 40. Kh3
Rf3+ 41. Kh2 a6 42. axb5 axb5 43. Rxb5 Nxb5 44. Ra8+ Kd7 45. Rxg8 Nxc3 46. Kg2
Rd3 {White resigns} 0-1

[Event "Team 45 45 League T54"]
[Site "Internet Chess Club"]
[Date "2012.08.25"]
[Round "2"]
[White "rom1"]
[Black "Kingofknights"]
[Result "0-1"]
[WhiteElo "1590"]
[BlackElo "1570"]
[Opening "QGD Slav: Dutch variation"]
[ECO "D18"]
[Time "14:00:40"]
[TimeControl "2700+45"]

1. d4 d5 2. c4 c6 3. Nc3 Nf6 4. Nf3 dxc4 5. a4 Bf5 6. e3 Bd3 7. Bxd3 cxd3 8.
Qxd3 e6 9. O-O Na6 10. e4 Nb4 11. Qe2 Be7 12. Bg5 h6 13. Bh4 O-O 14. Rad1 Qb6
15. e5 Nfd5 16. Nxd5 Nxd5 17. Bxe7 Nxe7 18. Qc4 Rfd8 19. b4 a5 20. Rb1 Nd5 21.
b5 Nb4 22. bxc6 Qxc6 23. Rbc1 Qxa4 24. Qc7 Qd7 25. Qb6 Nd5 26. Qb2 Rdc8 27. Rc5
b6 28. Rb5 Qc6 29. Rb3 a4 30. Ra3 b5 31. Raa1 b4 32. Rfc1 Nc3 33. Re1 Qc4 34. g3
a3 35. Qd2 b3 36. Re3 b2 {White resigns} 0-1

[Event "Team 45 45 League T54"]
[Site "Internet Chess Club"]
[Date "2012.08.24"]
[Round "2"]
[White "tightfist"]
[Black "oldsj"]
[Result "0-1"]
[WhiteElo "1579"]
[BlackElo "1672"]
[Opening "King's Indian, 3.Nf3"]
[ECO "E60"]
[Time "08:03:29"]
[TimeControl "2700+45"]

1. c4 Nf6 2. d4 g6 3. Nf3 Bg7 4. e3 O-O 5. Bd3 d6 6. h3 Nbd7 7. O-O e5 8. Nc3
Re8 9. Qc2 b6 10. b4 Bb7 11. d5 a5 12. Ba3 axb4 13. Bxb4 Nc5 14. Bxc5 bxc5 15.
Rfb1 Qc8 16. e4 c6 17. Rb6 Nd7 18. Rb2 cxd5 19. Nxd5 Bxd5 20. cxd5 Nf6 21. Bb5
Rd8 22. Bc6 Ra3 23. Rab1 Rxf3 24. gxf3 Qxh3 25. Qe2 Nh5 26. Rb8 Rxb8 27. Rxb8+
Bf8 28. a4 Nf4 29. Qf1 Qxf3 30. Rb2 Qg4+ 31. Kh1 Qh5+ 32. Kg1 Qg4+ 33. Kh2 Qh5+
34. Kg1 Nh3+ 35. Kg2 Qg4+ 36. Kh2 Bh6 37. Qg2 Bf4+ 38. Kh1 Qd1+ 39. Qg1
{0:-1:-11} Qxg1# {White checkmated} 0-1

[Event "Team 45 45 League T54"]
[Site "Internet Chess Club"]
[Date "2012.08.24"]
[Round "2"]
[White "nanning"]
[Black "whiskeytown"]
[Result "1-0"]
[WhiteElo "1698"]
[BlackElo "1451"]
[Opening "King's Indian: fianchetto, classical variation, 8.e4"]
[ECO "E68"]
[Time "12:03:43"]
[TimeControl "2700+45"]

1. d4 Nf6 2. c4 g6 3. g3 Bg7 4. Bg2 O-O 5. Nf3 d6 6. Nc3 Nbd7 7. O-O e5 8. e4
exd4 9. Nxd4 Ne5 10. b3 Bd7 11. Bb2 Qc8 12. f4 Neg4 13. Qd2 Ne8 14. f5 Ne5 15.
Nd5 Bf6 16. Nxf6+ Nxf6 17. Qc3 Qd8 18. Nf3 Re8 19. Rad1 Nfg4 20. Nxe5 Nxe5 21.
Qb4 Bc6 22. c5 Qg5 23. cxd6 cxd6 24. Rxd6 Qe3+ 25. Kh1 Nd3 26. Qc3 Qg1+ 27. Kxg1
{Black resigns} 1-0

[Event "Team 45 45 League T54"]
[Site "Internet Chess Club"]
[Date "2012.08.24"]
[Round "2"]
[White "ChessChamp"]
[Black "FlyingTiger"]
[Result "1-0"]
[WhiteElo "1670"]
[BlackElo "1751"]
[Opening "Sicilian: accelerated fianchetto, Maróczy bind"]
[ECO "B36"]
[Time "19:02:34"]
[TimeControl "2700+45"]

1. e4 c5 2. Nf3 g6 3. d4 cxd4 4. Nxd4 Nc6 5. c4 Nf6 6. Nc3 d6 7. Be2 Nxd4 8.
Qxd4 Bg7 9. Be3 O-O 10. Qd2 Be6 11. Rc1 Qa5 12. f3 Rfc8 13. b3 a6 14. Nd5 Qxd2+
15. Kxd2 Nxd5 16. cxd5 Bd7 17. Rxc8+ Rxc8 18. Rc1 Rxc1 19. Kxc1 Kf8 20. Kc2 e6
21. a4 Ke7 22. Bc4 h5 23. h4 Bf6 24. g3 Ke8 25. Kd3 Bd8 26. Kc3 Ba5+ 27. b4 Bd8
28. Kb3 Bf6 29. Bb6 e5 30. Be3 Bd8 31. Be2 f5 32. exf5 Bxf5 33. b5 axb5 34.
Bxb5+ Bd7 35. Kc4 Ba5 36. Bf2 Kd8 37. Bxd7 Kxd7 38. Kb5 Bc3 39. Kc4 Ba5 40. Kd3
Kc7 41. Ke4 Bb6 42. Be1 Bd4 43. g4 hxg4 44. fxg4 Kd7 45. h5 gxh5 46. gxh5 Ke7
47. h6 Kf7 48. Bb4 Kg6 49. Bxd6 Kxh6 50. Bxe5 Bb6 51. Kf5 Kh7 52. Kf6 Kg8 53.
Bd6 Kh7 54. Bf8 Kg8 55. Be7 Kh7 56. d6 {Black resigns} 1-0